 Dungeon Crawl Stone Soup version 0.30-a0-937-ga0a21ad780 (webtiles) character file.

Game seed: 2736642737744194711

172 DeathPants the Cutter (level 5, -3/28 HPs)
             Began as a Vine Stalker Gladiator on Mar 24, 2023.
             Slain by an ogre
             ... wielding a +0 giant spiked club
              (27 damage)
             ... on level 5 of the Dungeon.
             The game lasted 00:05:20 (1819 turns).

DeathPants the Cutter (Vine Stalker Gladiator)      Turns: 1819, Time: 00:05:21

Health: -3/28      AC:  8    Str: 17    XL:     5   Next: 53%
Magic:  0/6        EV: 10    Int:  8    God:
Gold:   116        SH:  0    Dex: 17    Spells: 4/4 levels left

rFire   . . .      SeeInvis .    a - +0 rapier
rCold   . . .      Faith    .    (no shield)
rNeg    . . .      Spirit   +    i - +0 scale mail
rPois   .          Reflect  .    c - +0 helmet
rElec   .          Rampage  .    m - +0 cloak
rCorr   .                        (no gloves)
Will    .....                    (no boots) Stlth
                                 (no amulet)
HPRegen 1.04/turn                (no ring)
MPRegen 0.10/turn                (no ring)

@: marked
A: fangs 2, regeneration 1, magic shield, antimagic bite, no potion heal 2
a: no special abilities


You were on level 5 of the Dungeon.
You visited 1 branch of the dungeon, and saw 5 of its levels.

You collected 116 gold pieces.

Inventory:

Hand Weapons
 a - a +0 rapier (weapon)
Missiles
 d - 3 throwing nets (quivered)
 e - a javelin
Armour
 b - a +0 leather armour
 c - a +0 helmet (worn)
 i - a +0 scale mail (worn)
 m - a +0 cloak (worn)
Wands
 q - a wand of iceblast (3)
Scrolls
 g - a scroll of blinking
 h - a scroll of amnesia {unknown}
 j - a scroll of poison {unknown}
 l - a scroll of teleportation {unknown}
 n - a scroll of noise {unknown}
 p - a scroll of fear {unknown}
 t - a scroll of enchant weapon {unknown}
Potions
 k - a potion of heal wounds
 o - 2 potions of magic
 r - 2 potions of attraction {unknown}
 s - 2 potions of flight {unknown}


   Skills:
 + Level 3.2 Fighting
 + Level 3.8 Short Blades
 + Level 3.2 Throwing
 - Level 2.4 Dodging


You had 4 spell levels left.
You didn't know any spells.
Your spell library contained the following spells:

 Spells                   Type           Power      Damage    Failure   Level
 Slow                     Hex            0%         N/A       85%         1
 Confusing Touch          Hex            0%         N/A       99%         3
 Portal Projectile        Hex/Tloc       0%         N/A       99%         3
 Stone Arrow              Conj/Erth      0%         3d7       99%         3
 Tukima's Dance           Hex            0%         N/A       99%         3
 Vampiric Draining        Necr           0%         2d6       99%         3
 Animate Armour           Summ/Erth      0%         N/A       100%        4
 Blade Hands              Tmut           0%         N/A       100%        5
 Lehudib's Crystal Spear  Conj/Erth      0%         10d2      100%        8


Dungeon Overview and Level Annotations

Branches:
Dungeon (4/15)
 Temple: D:4-7

Altars:
Yredelemnul

Shops:
D:1 [


Innate Abilities, Weirdness & Mutations

You have extremely sharp teeth.
Your natural rate of healing is unusually fast.
When hurt, damage is shared between your health and your magic reserves.
Your bite disrupts and absorbs the magic of your enemies.
Potions cannot restore your health.


Message History

The gnoll hits you but does no damage.
An orc comes into view. It is wielding a +0 club.
An orc comes into view. It is wielding a +0 short sword.
An orc wizard comes into view. It is wielding a +0 dagger.
A quokka comes into view.
The gnoll hits you with a +0 halberd. The gnoll closely misses you. x2
Okay, then.
As you read the scroll labelled RENARPH WELIEBB, it crumbles to dust.
It is a scroll of identify.
k - a potion of heal wounds The gnoll hits you with a +0 halberd.
The gnoll hits you from afar with a +0 spear.
The gnoll closely misses you.
As you read the scroll of identify, it crumbles to dust.
o - 2 potions of magic A gnoll comes into view.
It is wielding a +0 flail.
The gnoll barely misses you. The gnoll completely misses you.
The gnoll hits you but does no damage.
A hound and an orc come into view.
Blink to where?
Press: ? - help, Dir - move target An orc priest, 3 orcs and an ogre come into view.
Found a stone staircase leading up.
As you read the scroll labelled TITWICOUZYU, it crumbles to dust.
It was a scroll of blinking.
The hound moves out of view.
The orc moves out of view.
A howler monkey comes into view.
An orc warrior comes into view.
It is wielding the +6 trident of the Battered Youths {flame, rN+ Int+2}.
The ogre misses you.
Found 14 gold pieces.
The howler monkey closely misses you.
The howler monkey hits you but does no damage.
The orc priest invokes the aid of Beogh against you.
Beogh smites you! The howler monkey hits you.
The howler monkey hits you but does no damage.
There is a stone staircase leading up here.
The howler monkey hits you but does no damage.
The ogre hits you with a +0 giant spiked club!!
Ouch! That really hurt!
You die...

##..# ## #...# ...
.##..# .. ###...##...
....###... .§.o..#.#
....#.#... ≈§≈≈≈r..
#.......#. ...§≈.#
#......... ##.#.≈o#
......... ...#.≈.#
##........ ._.#§≈o###
#.@...#
...#g≈.o.######hO..##
.###g§.....#..ho..##
..§g5≈..oo.goo.#.....#
≈≈§≈o≈.####.o.####....$
..oo§.§# #....# ......
..oo.h## #o...# ......
................ ......
#...#.#.#..##..o. .....


You could see an ogre, a howler monkey, a hound, an orc priest, a gnoll and 4
orcs.

Vanquished Creatures
  Terence (D:2)
  Natasha (thrice) (D:3)
  3 adders
  A worm (D:2)
  2 dart slugs (D:1)
  2 orcs (D:3)
  4 ball pythons
  2 endoplasms (D:3)
  2 giant cockroaches
  6 goblins
  5 kobolds
  3 quokkas
  3 bats
  3 rats
40 creatures vanquished.

Vanquished Creatures (others)
  11 plants (D:2)
11 creatures vanquished.

Grand Total: 51 creatures vanquished

Notes
Turn   | Place    | Note
-------+----------+-------------------------------------------
     0 | D:1      | DeathPants the Vine Stalker Gladiator began the quest for
                  | the Orb.
     0 | D:1      | Reached XP level 1. HP: 11/11 MP: 2/2
   154 | D:1      | Reached XP level 2. HP: 15/15 MP: 3/3
   752 | D:1      | Found Dudeh's Armour Emporium.
   821 | D:2      | Noticed Terence
   834 | D:2      | Killed Terence
   835 | D:2      | Reached XP level 3. HP: 6/19 MP: 0/4
  1076 | D:2      | Gained mutation: Your natural rate of healing is unusually
                  | fast. [Vine Stalker growth]
  1076 | D:2      | Reached XP level 4. HP: 22/23 MP: 5/5
  1383 | D:3      | Noticed Natasha
  1396 | D:3      | Killed Natasha
  1418 | D:3      | Noticed Natasha
  1431 | D:3      | Killed Natasha
  1432 | D:3      | Reached XP level 5. HP: 10/28 MP: 4/6
  1761 | D:3      | Noticed Natasha
  1769 | D:3      | Killed Natasha
  1796 | D:3      | You fall into a shaft and drop 2 floors!
  1796 | D:5      | Entered Level 5 of the Dungeon
  1796 | D:5      | Found a basalt altar of Yredelemnul.
  1812 | D:5      | Noticed an ogre
  1813 | D:5      | Identified the +6 trident of the Battered Youths {flame,
                  | rN+ Int+2}
  1813 | D:5      | Noticed an orc warrior
  1819 | D:5      | Slain by an ogre

Illustrated notes

Levels and vault maps discovered:
D:1:      dpeg_arrival_stone_temple_mockup, layout_loops_corners, serial_shops,
          shop_fountains
D:2:      wad_woods_tower, layout_basic, uniq_terence
D:3:      layout_loops_cross, portal_sewer_entry_d, uniq_natasha
D:4:      layout_cave_pods, hangedman_feature_mirror, patterned_corridor,
          uniq_sigmund
D:5:      layout_cave_pools, mainiacjoe_overflow_brackets, serial_glass,
          glass_columns_a, glass_columns_b, grunt_ministairs_14, uniq_menkaure

Skill      XL: |  1  2  3  4 |
---------------+-------------+-----
Fighting       | 2 3 |  3.2
Throwing       | 2 3 |  3.2
Short Blades   | 3 |  3.8
Dodging        | |  2.4

Action                     |  1- 3 |  4- 6 || total
---------------------------+-------+-------++-------
  Melee: Rapier            |    72 |    80 ||   152
         Bite              |    19 |    26 ||    45
    Use: Scroll            |       |     3 ||     3
 Armour: Leather armour    |     8 |       ||     8
         Scale mail        |    20 |    43 ||    63
  Dodge: Dodged            |    51 |    42 ||    93

Table legend: (Time is in decaauts)
 A = Elapsed time spent in this place.
 B = Non-inter-level travel time spent in this place.
 C = Inter-level travel time spent in this place.
 D = Time resting spent in this place.
 E = Time spent auto-exploring this place.
 F = Levels seen in this place.
 G = Mean time per level.
                   A        B        C        D        E       F      G
               +--------+--------+--------+--------+--------+-----+--------+
         Total |   1830 |   1746 |     84 |      0 |   1251 |   5 |  366.0 |
       Dungeon |   1830 |   1746 |     84 |      0 |   1251 |   5 |  366.0 |
               +--------+--------+--------+--------+--------+-----+--------+

Top non-repeatable levels by time:
     D:1: 969 daAuts
     D:3: 636 daAuts
     D:2: 199 daAuts
     D:5: 22 daAuts
     D:4: 1 daAuts
